Map: 이스트와치 - 래더

Players

INnoVation - Winner!

  • Race: Terran Terran
  • Spawn Location: 1:00

TRUE

  • Race: Zerg Zerg
  • Spawn Location: 7:00

Event: IEM Season 12 - Katowice

VOD

Have the link to the VOD?

Description

Time

  • Played on: March 1, 2018, 11:07 a.m.
  • Length: 14:37

All games in this series

Show
View Real Time Build Order
Export as new Build Order

INnoVation Terran - Winner!

Build Orders: Reaper Expand, Bio Tank 

Get SALT Encoding   

  12  0:00  SCV  
  13  0:12  SCV  
  14  0:16  Supply Depot  
  14  0:24  SCV  
  15  0:38  SCV  
  15  0:39  Barracks  
  16  0:43  Refinery  
  16  0:50  SCV  
  17  1:02  SCV  
  18  1:14  SCV  
  19  1:26  Orbital Command  
  19  1:27  Reaper  
  20  1:39  Command Center  
  20  1:50  Supply Depot  
  20  1:52  SCV  
  21  1:59  Marine  
  22  2:04  SCV  
  22  2:07  Factory  
  23  2:14  Refinery  
  23  2:16  SCV  
  23  2:21  Barracks Reactor  
  24  2:28  SCV  
  25  2:40  SCV  
  26  2:51  Orbital Command, Starport  
  26  2:53  SCV  
  27  3:01  Hellion x2  
  27  3:05  SCV, Barracks Tech Lab  
  32  3:17  SCV x2  
  34  3:22  Hellion x2  
  34  3:24  Supply Depot  
  38  3:27  Medivac  
  38  3:29  SCV x2  
  42  3:37  Supply Depot  
  42  3:41  SCV x2  
  43  3:43  Stimpack  
  43  3:47  Marine  
  45  3:53  SCV x2  
  47  3:58  Factory Tech Lab  
  47  4:04  Command Center  
  47  4:07  SCV x2  
  47  4:08  Marine  
  50  4:13  Starport Reactor  
  50  4:14  Supply Depot  
  50  4:19  Barracks  
  50  4:20  SCV x2  
  52  4:27  Marine  
  52  4:28  Barracks  
  53  4:32  SCV x2  
  55  4:39  Engineering Bay  
  55  4:41  Engineering Bay  
  55  4:44  Refinery x2  
  55  4:45  SCV x2  
  57  4:48  Marine  
  58  4:53  Siege Tank  
  58  4:57  SCV x2  
  63  5:06  Marine  
  64  5:07  Starport Reactor  
  64  5:13  SCV x2  
  64  5:14  Marine x2  
  56  5:16  Terran Infantry Weapons Level 1  
  56  5:17  Terran Infantry Armor Level 1  
  56  5:19  Orbital Command  
  58  5:25  Siege Tank  
  58  5:26  Marine x3  
  64  5:29  SCV x2  
  64  5:32  Marine x2  
  68  5:39  Supply Depot  
  68  5:41  SCV x2  
  70  5:44  Marine, Combat Shields  
  70  5:45  Marine x2, Medivac  
  70  5:47  Orbital Command, Medivac  
  77  5:53  SCV x2  
  79  5:57  Marine x2  
  79  6:02  Marine x2  
  79  6:03  Marine  
  84  6:05  Supply Depot, SCV x2  
  84  6:10  Barracks  
  86  6:11  Barracks  
  86  6:15  SCV  
  86  6:17  SCV x2  
  89  6:19  Marine x2  
  89  6:20  Marine x2  
  93  6:26  Marine  
  93  6:27  Siege Tank  
  93  6:29  Supply Depot  
  93  6:31  SCV x2  
  93  6:32  SCV  
  100  6:37  Marine x2  
  100  6:38  Marine x2  
  99  6:41  Armory  
  99  6:44  Marine, Medivac  
  101  6:50  Supply Depot  
  101  6:51  SCV x3, Medivac  
  106  6:55  Supply Depot  
  106  6:57  Barracks Reactor  
  106  6:59  Barracks Reactor  
  106  7:07  Marine  
  106  7:08  Marine x2  
  109  7:12  SCV x3, Marine x2, Refinery  
  109  7:13  Siege Tank, Refinery  
  112  7:25  SCV x3, Marine x2  
  112  7:26  Marine  
  112  7:28  Medivac x2  
  112  7:29  Marine x2  
  122  7:36  Terran Infantry Armor Level 2, Terran Infantry Weapons Level 2  
  120  7:42  Marine x2  
  120  7:44  Marine  
  124  7:48  Marine x3  
  124  7:51  Supply Depot  
  125  7:52  Supply Depot  
  125  8:01  Factory  
  125  8:06  Marine x3  
  125  8:07  Marine  
  125  8:08  Marine x4  
  125  8:09  Siege Tank, Marauder  
  125  8:11  SCV x2  
  125  8:12  SCV  
  105  8:23  SCV  
  105  8:24  SCV x2, Marine x3  
  105  8:25  Marine  
  105  8:26  Marine x3  
  105  8:27  Marine  
  111  8:30  Marine  
  106  8:39  SCV x3  
  109  8:42  Marine  
  110  8:49  Marauder  
  112  9:00  Marine x7  
  117  9:05  Factory Tech Lab  
  117  9:09  Siege Tank  
  120  9:10  Marauder  
  120  9:11  Medivac x2  
  120  9:12  Marine  
  127  9:18  Marine x4  
  127  9:19  SCV x3  
  127  9:22  Supply Depot x2  
  134  9:30  Liberator  
  134  9:31  Command Center, Marauder  
  134  9:32  Liberator  
  134  9:34  Terran Vehicle And Ship Armor Level 1  
  136  9:45  Marine x8  
  139  9:46  Siege Tank  
  139  9:47  Siege Tank  
  156  9:54  Supply Depot  
  156  9:55  Supply Depot  
  156  10:08  Marine  
  157  10:15  Sensor Tower  
  157  10:16  Marine x7, Marauder  
  157  10:21  Siege Tank x2  
  172  10:24  Supply Depot  
  172  10:25  Supply Depot, Marine  
  173  10:39  Marine, Liberator x2  
  173  10:40  Marauder  
  164  10:44  Terran Infantry Armor Level 3, Terran Infantry Weapons Level 3  
  164  10:46  SCV x3  
  167  10:53  Command Center  
  173  11:03  Marine x7  
  180  11:09  SCV x2  
  183  11:11  SCV  
  183  11:17  Siege Tank  
  183  11:21  SCV  
  183  11:35  SCV x3  
  178  11:43  Planetary Fortress  
  178  11:47  SCV x3  
  178  11:51  Sensor Tower  
  178  11:52  Siege Tank x2  
  187  11:54  Marine x4  
  187  11:55  Marine x4, Marauder  
  191  12:04  SCV x3, Medivac  
  191  12:05  Medivac  
  198  12:12  Marine x3  
  168  12:31  Siege Tank, Marine  
  168  12:32  Marine x7, Marauder  
  168  12:35  SCV  
  168  12:36  SCV x2  
  183  12:40  Planetary Fortress  
  183  12:45  Ghost Academy  
  183  12:49  Marine x2  
  183  12:50  Marine x6  
  191  12:52  Barracks  
  191  12:53  Marine  
  191  12:54  Barracks  
  191  12:55  Barracks  
  191  12:57  SCV, Siege Tank  
  191  12:58  SCV x2  
  194  13:03  Siege Tank  
  197  13:07  Marine x3  
  200  13:13  Liberator  
  200  13:14  Liberator  
  200  13:20  Command Center  
  200  13:21  Hi-Sec Auto Tracking  
  200  13:31  Marine  
  200  13:32  Marine x7, Command Center, Marauder  
  199  13:49  Marine  
  199  13:50  Marine x3  
  197  13:56  Ghost Academy x3  
  197  13:57  Barracks Tech Lab x3  
  197  14:01  SCV  
  197  14:02  Starport, Refinery x2  
  196  14:03  Starport x2  
  196  14:05  Starport, Refinery  
  196  14:06  Refinery  
  188  14:13  SCV, Marine, Marauder  
  188  14:14  Marine  
  188  14:15  Marine x2  
Show
View Real Time Build Order
Export as new Build Order

TRUE Zerg 

Build Orders: Hatch First 

Get SALT Encoding   

  12  0:00  Drone  
  13  0:12  Overlord  
  13  0:16  Drone  
  14  0:30  Drone x2  
  14  0:34  Drone  
  17  0:53  Hatchery  
  16  0:57  Drone  
  17  1:11  Spawning Pool  
  16  1:12  Extractor  
  16  1:15  Drone  
  16  1:19  Drone  
  16  1:22  Drone  
  18  1:27  Drone  
  19  1:38  Overlord  
  19  1:57  Queen  
  19  1:58  Zergling x2  
  19  1:59  Zergling x2  
  23  2:04  Queen  
  23  2:05  Zergling x2  
  26  2:12  Metabolic Boost  
  26  2:15  Drone  
  27  2:17  Drone  
  27  2:21  Drone  
  29  2:28  Drone  
  30  2:35  Queen  
  30  2:36  Drone  
  33  2:39  Drone  
  33  2:43  Drone  
  35  2:47  Drone  
  36  2:52  Overlord  
  36  3:11  Drone  
  36  3:12  Drone x2, Queen  
  39  3:13  Drone, Overlord  
  39  3:14  Drone x2  
  44  3:33  Drone x3  
  47  3:35  Drone, Hatchery  
  47  3:38  Overlord  
  47  3:42  Drone x2  
  47  3:43  Drone  
  47  3:45  Drone  
  47  3:46  Drone  
  52  3:55  Evolution Chamber  
  52  3:56  Evolution Chamber, Drone x2  
  52  3:58  Drone, Extractor  
  52  3:59  Drone  
  53  4:07  Drone  
  54  4:12  Queen  
  54  4:15  Zergling x4  
  54  4:16  Zergling x2  
  59  4:17  Overlord  
  59  4:18  Drone  
  59  4:20  Overlord  
  60  4:29  Overlord  
  56  4:39  Drone x3  
  56  4:42  Zerg Ground Armor Level 1  
  56  4:43  Zerg Melee Weapons Level 1  
  56  4:45  Zergling x8  
  63  4:48  Drone x2  
  65  4:54  Spore Crawler  
  65  4:56  Zergling x2  
  60  5:03  Drone x3  
  60  5:04  Drone x2  
  61  5:09  Drone  
  61  5:14  Drone x4  
  61  5:17  Drone  
  61  5:20  Drone x3  
  69  5:21  Drone  
  69  5:26  Lair  
  69  5:27  Drone  
  69  5:28  Drone  
  72  5:30  Drone  
  73  5:37  Drone  
  73  5:38  Overlord  
  74  5:46  Hatchery  
  74  5:47  Drone x3  
  74  5:48  Drone  
  77  5:50  Drone  
  77  5:51  Drone  
  77  5:52  Extractor  
  77  5:54  Extractor  
  77  5:59  Baneling Nest  
  77  6:01  Hatchery  
  77  6:02  Drone  
  76  6:06  Drone x3  
  76  6:07  Drone x2, Extractor  
  76  6:08  Zergling x2  
  76  6:10  Zergling x4  
  83  6:12  Zergling x2  
  83  6:13  Zergling x2  
  83  6:16  Zergling x4  
  83  6:17  Zergling x4  
  89  6:22  Zergling x2  
  89  6:24  Overlord  
  90  6:26  Overlord  
  90  6:28  Overlord  
  90  6:29  Overlord  
  90  6:32  Overlord  
  89  6:38  Zerg Ground Armor Level 2, Zerg Melee Weapons Level 2  
  89  6:39  Overlord  
  88  6:43  Zergling x4  
  88  6:44  Zergling x2, Centrifical Hooks  
  88  6:46  Baneling x3  
  88  6:47  Baneling x2  
  89  6:50  Zergling x6  
  89  6:52  Zergling x2  
  94  6:54  Zergling x2  
  94  6:55  Zergling x4  
  94  6:56  Zergling x2  
  94  6:58  Zergling x2  
  94  7:00  Zergling x4  
  99  7:01  Zergling x2  
  99  7:04  Zergling x2  
  99  7:05  Zergling x4  
  99  7:06  Zergling x2  
  100  7:11  Zergling x2  
  100  7:13  Zergling x2  
  100  7:15  Zergling x2  
  103  7:16  Zergling x2  
  103  7:20  Zergling x4  
  103  7:21  Zergling x2  
  96  7:23  Zergling x6  
  96  7:24  Zergling x2  
  96  7:25  Zergling x2  
  96  7:27  Zergling x2  
  96  7:29  Zergling x2  
  94  7:31  Zergling x4  
  94  7:34  Zergling x2  
  94  7:35  Zergling x2  
  94  7:36  Zergling x2  
  85  7:39  Queen x4, Zergling x2  
  85  7:42  Zergling x4  
  85  7:43  Zergling x2  
  97  7:45  Zergling x2  
  97  7:46  Zergling x4  
  97  7:49  Zergling x2  
  101  7:51  Baneling  
  101  7:52  Baneling x11  
  101  7:55  Zergling x2  
  102  8:00  Zergling x2  
  102  8:01  Zergling x4  
  102  8:02  Zergling x2  
  102  8:05  Zergling x2  
  104  8:06  Zergling x2  
  104  8:07  Zergling x2  
  104  8:11  Zergling x4  
  99  8:15  Zergling x2  
  99  8:16  Zergling x6  
  99  8:18  Zergling x4  
  99  8:19  Zergling x2  
  98  8:21  Zergling x2  
  93  8:28  Zergling x2  
  93  8:29  Zergling x6  
  93  8:32  Zergling x2  
  87  8:38  Zergling x2  
  87  8:39  Zergling x4, Hydralisk Den  
  87  8:40  Zergling x2  
  87  8:41  Baneling  
  87  8:42  Baneling x5  
  87  8:43  Zergling x2  
  87  8:44  Zergling x2  
  84  8:48  Zergling x2  
  84  8:49  Baneling x2, Zergling x2  
  84  8:50  Zergling x6  
  84  8:51  Zergling x4, Hatchery  
  84  8:52  Zergling x2  
  84  8:53  Zergling x2  
  84  8:55  Baneling, Zergling x2  
  91  8:56  Baneling  
  91  8:57  Zergling x2  
  91  9:00  Zergling x2  
  91  9:01  Zergling x2  
  93  9:03  Zergling x2  
  93  9:04  Zergling x2  
  93  9:05  Zergling x2  
  93  9:07  Zergling x2  
  93  9:08  Zergling x2  
  98  9:12  Zergling x4  
  100  9:17  Zergling x2  
  100  9:18  Zergling x2  
  100  9:20  Zergling x6  
  100  9:23  Zergling x4  
  107  9:30  Baneling x9  
  107  9:41  Grooved Spines  
  107  9:45  Hatchery  
  105  10:02  Hydralisk x2  
  105  10:03  Hydralisk x3  
  105  10:06  Hydralisk  
  115  10:10  Hydralisk  
  115  10:11  Baneling x2  
  115  10:12  Baneling  
  119  10:15  Zergling x2  
  119  10:18  Zergling x2  
  118  10:23  Zergling x6  
  118  10:25  Zergling x2  
  118  10:27  Zergling x2  
  119  10:29  Zergling x4  
  119  10:33  Zergling x4  
  119  10:34  Zergling x2  
  119  10:35  Zergling x2  
  125  10:38  Zergling x4  
  125  10:41  Zergling x2  
  125  10:42  Zergling x2  
  120  10:43  Zergling x2  
  120  10:44  Zergling x2  
  120  10:45  Zergling x2  
  120  10:46  Zergling x2  
  120  10:49  Zergling x4  
  126  10:50  Zergling x2  
  126  10:52  Zergling x2  
  128  10:58  Baneling x9  
  128  11:00  Zergling x2  
  128  11:01  Zergling x2  
  128  11:02  Zergling x2  
  128  11:09  Zergling x2  
  128  11:10  Zergling x4  
  128  11:11  Zergling x8  
  132  11:13  Zergling x2  
  132  11:15  Zergling x2  
  132  11:16  Zergling x2  
  132  11:17  Zergling x4  
  132  11:22  Baneling x8  
  132  11:24  Zergling x2  
  123  11:38  Zergling x2  
  118  11:46  Zergling x16  
  119  11:48  Hydralisk  
  119  11:49  Muscular Augments  
  119  11:51  Hydralisk  
  123  11:57  Hydralisk  
  123  12:02  Zergling x2  
  123  12:04  Zergling x2  
  123  12:07  Zergling x2  
  126  12:13  Zergling x8  
  126  12:15  Zergling x2  
  119  12:16  Zergling x2  
  119  12:19  Zergling x2  
  119  12:21  Zergling x4  
  111  12:27  Zergling x4  
  111  12:28  Zergling x2  
  90  12:30  Zergling x2  
  90  12:32  Zergling x2  
  90  12:35  Zergling x4  
  90  12:41  Baneling, Zergling x2  
  90  12:42  Baneling x3  
  90  12:43  Baneling x2, Zergling x2  
  92  12:46  Zergling x4  
  92  12:51  Zergling x2  
  93  13:00  Zergling x6  
  94  13:05  Hatchery  
  94  13:06  Baneling  
  94  13:07  Baneling x10  
  94  13:09  Zergling x2  
  94  13:12  Zergling x2  
  95  13:14  Zergling x4  
  95  13:16  Zergling x2  
  95  13:17  Zergling x2  
  95  13:19  Zergling x2  
  100  13:21  Zergling x2  
  100  13:22  Zergling x2  
  100  13:23  Zergling x2  
  100  13:25  Zergling x2  
  104  13:27  Zergling x2  
  104  13:29  Zergling x2  
  104  13:32  Zergling x4  
  102  13:35  Zergling x4  
  102  13:36  Zergling x4  
  102  13:37  Hydralisk x2  
  102  13:40  Hydralisk  
  112  13:43  Hydralisk  
  112  13:52  Hydralisk  
  112  13:55  Hydralisk  
  98  14:00  Zergling x2  
  98  14:01  Zergling x2  
  98  14:05  Zergling x2  
  98  14:07  Zergling x2  
  98  14:08  Zergling x2  
  93  14:12  Zergling x4  
  93  14:14  Zergling x2  
  86  14:18  Zergling x2  

Tags
 
Add a new tag
Caveats
  • Supply blocks, unpowered buildings, or Contaminate may cause inaccurate times.
  • Supply counts are checked every 10 seconds.